Map: Acid Plant LE

Players

TYTY (TY)

  • Race: Terran Terran
  • League: Master
  • Spawn Location: 5:00

Solar - Winner!

  • Race: Zerg Zerg
  • League: Master
  • Spawn Location: 11:00

Event: Memes & Dreams Invitational

VOD

https://www.youtube.com/watch?v=s5_Z9_fAZtY

Description

Time

  • Played on: April 15, 2018, 5:59 a.m.
  • Length: 9:31

All games in this series

Show
View Real Time Build Order
Export as new Build Order

TYTY Terran 

Build Orders: MMM Bio 

Get SALT Encoding   

  12  0:00  SCV  
  13  0:15  Supply Depot  
  13  0:18  SCV  
  14  0:37  Barracks  
  14  0:48  Barracks  
  14  0:53  SCV  
  15  1:05  SCV  
  16  1:18  SCV  
  17  1:24  Marine  
  18  1:27  Refinery  
  18  1:30  Orbital Command  
  18  1:35  Marine  
  19  1:41  Marine, Bunker  
  20  1:53  Marine  
  21  1:54  Bunker  
  21  1:56  SCV  
  22  2:02  Supply Depot  
  22  2:04  Marine  
  23  2:17  Bunker  
  23  2:23  Marine  
  23  2:24  SCV  
  23  2:26  Marine  
  26  2:35  Bunker  
  26  2:36  SCV  
  27  2:41  Marine  
  28  2:48  SCV  
  27  3:01  SCV  
  27  3:02  Factory  
  22  3:08  Command Center  
  21  3:14  SCV  
  21  3:17  Refinery  
  22  3:26  SCV  
  22  3:36  Bunker  
  22  3:38  SCV  
  23  3:46  Hellion  
  23  3:48  Starport  
  25  3:50  SCV  
  26  4:02  SCV  
  27  4:04  Barracks Reactor  
  27  4:07  Hellion  
  29  4:14  SCV  
  30  4:21  Orbital Command  
  30  4:24  Viking  
  30  4:26  SCV  
  35  4:34  Supply Depot  
  33  4:38  SCV  
  33  4:40  Orbital Command  
  33  4:43  Hellion  
  33  4:44  Hellion  
  38  4:49  Barracks Tech Lab  
  38  4:50  SCV  
  42  5:02  SCV  
  42  5:05  Hellion x2  
  47  5:08  SCV  
  47  5:10  Stimpack  
  47  5:11  Marine  
  46  5:15  SCV  
  46  5:17  Barracks  
  46  5:20  Barracks, Starport Reactor  
  47  5:23  SCV  
  48  5:31  Supply Depot, SCV  
  48  5:35  Marine, SCV  
  50  5:36  Factory Tech Lab  
  51  5:43  SCV  
  51  5:47  SCV  
  53  5:51  Engineering Bay  
  53  5:53  Marine  
  53  5:55  Siege Tank, SCV  
  58  5:59  SCV  
  58  6:03  Starport Reactor  
  59  6:04  Supply Depot  
  59  6:09  Marine x2  
  59  6:11  Marine  
  61  6:14  Refinery  
  61  6:15  Supply Depot  
  61  6:17  Marine x2  
  61  6:18  SCV x2, Terran Infantry Weapons Level 1  
  64  6:23  Supply Depot  
  66  6:27  Marine x2  
  66  6:28  Supply Depot, Siege Tank  
  66  6:30  SCV  
  72  6:35  Marine x2  
  72  6:39  Supply Depot  
  74  6:42  Medivac x2  
  74  6:46  Marine x2  
  80  6:48  Marine  
  80  6:53  Marine  
  82  6:55  Marine  
  82  7:00  Supply Depot  
  85  7:03  Marine  
  85  7:04  Marine  
  85  7:05  Marine  
  85  7:08  Missile Turret  
  86  7:11  Marine  
  86  7:13  Marine  
  86  7:19  SCV x2  
  86  7:21  Marine x2, Missile Turret  
  90  7:23  Marine  
  90  7:27  Medivac  
  90  7:29  Marine  
  91  7:31  Marine, Combat Shields  
  91  7:38  Siege Tank  
  91  7:39  Marine x2  
  91  7:43  Marine  
  96  7:46  Marine  
  96  7:48  Marine, Medivac  
  100  7:57  Marine x2, SCV x2  
  103  7:59  Medivac  
  103  8:01  Marine  
  103  8:04  Marine, Armory  
  107  8:08  Marine  
  108  8:13  Siege Tank  
  108  8:15  Marine x2  
  108  8:19  Marine  
  114  8:20  Supply Depot  
  114  8:22  Marine  
  114  8:25  Liberator  
  114  8:26  Marine  
  116  8:32  Marine  
  115  8:38  Marine x2  
  116  8:44  Marine x2  
  116  8:45  Siege Tank  
  116  8:46  Missile Turret  
  116  8:47  Supply Depot  
  122  8:48  Refinery  
  122  8:54  Marine  
  123  8:56  Marine  
  123  8:59  SCV x2  
  126  9:09  Marine x2  
  128  9:10  Marine  
  128  9:11  Engineering Bay  
  128  9:12  SCV x2  
Show
View Real Time Build Order
Export as new Build Order

Solar Zerg - Winner!

Build Orders: Hatch First 

Get SALT Encoding   

  12  0:01  Drone  
  13  0:13  Overlord  
  13  0:17  Drone  
  14  0:31  Drone  
  14  0:32  Drone  
  16  0:36  Drone  
  17  0:52  Hatchery  
  17  0:55  Drone  
  17  0:58  Drone  
  17  1:02  Extractor  
  17  1:14  Spawning Pool  
  17  1:16  Drone  
  17  1:19  Drone  
  18  1:28  Drone  
  19  1:42  Drone  
  20  1:51  Overlord  
  20  2:01  Queen  
  20  2:04  Queen  
  20  2:05  Zergling x2  
  20  2:06  Zergling x2  
  26  2:08  Metabolic Boost  
  26  2:12  Zergling x2  
  27  2:15  Zergling x2  
  29  2:22  Zergling x2  
  29  2:27  Zergling x2  
  30  2:33  Zergling x2  
  30  2:36  Zergling x2, Queen  
  25  3:00  Drone x2  
  25  3:03  Drone  
  26  3:08  Drone  
  27  3:13  Drone  
  27  3:18  Drone  
  29  3:22  Drone  
  30  3:29  Drone  
  30  3:32  Overlord  
  31  3:37  Drone  
  31  3:39  Drone  
  33  3:42  Drone  
  33  3:45  Drone  
  33  3:47  Drone  
  36  3:53  Drone x2  
  38  3:56  Drone  
  38  4:00  Drone  
  40  4:04  Overlord  
  40  4:07  Drone  
  40  4:08  Drone  
  42  4:11  Drone  
  42  4:13  Drone  
  44  4:19  Lair  
  44  4:25  Drone x3  
  44  4:28  Drone  
  44  4:29  Drone  
  49  4:31  Extractor  
  49  4:32  Drone  
  49  4:33  Extractor  
  49  4:36  Drone x2  
  50  4:38  Drone  
  50  4:42  Overlord  
  51  4:46  Drone  
  51  4:49  Overlord  
  52  4:57  Overlord  
  52  4:58  Extractor  
  51  5:01  Drone x3  
  51  5:04  Overlord  
  53  5:09  Drone x2  
  55  5:15  Drone x2  
  55  5:17  Spire  
  55  5:19  Overseer  
  55  5:20  Zergling x2  
  57  5:21  Zergling x2  
  57  5:25  Zergling x2  
  57  5:26  Drone x2  
  61  5:36  Spine Crawler  
  61  5:40  Overlord  
  60  5:47  Hatchery  
  61  5:54  Drone x4  
  66  5:57  Overlord  
  66  6:04  Overlord  
  64  6:06  Drone x4  
  64  6:08  Evolution Chamber  
  64  6:09  Overlord  
  67  6:30  Mutalisk x5  
  67  6:31  Mutalisk x2  
  81  6:33  Mutalisk  
  83  6:40  Roach Warren  
  83  6:44  Overlord, Zerg Missile Weapons Level 1  
  83  6:45  Zergling x2  
  83  6:46  Zergling x2  
  83  6:55  Drone  
  83  7:00  Drone x3  
  83  7:01  Extractor  
  85  7:03  Drone x2  
  85  7:04  Drone  
  85  7:08  Drone  
  89  7:09  Drone  
  89  7:11  Overlord  
  90  7:20  Roach x2  
  90  7:22  Glial Reconstitution  
  94  7:26  Roach  
  94  7:29  Roach  
  98  7:31  Overlord  
  98  7:33  Roach  
  98  7:35  Roach x6  
  112  7:39  Overlord  
  112  7:41  Roach x2  
  112  7:43  Overlord  
  116  7:44  Roach  
  116  7:45  Roach  
  116  7:46  Overseer  
  116  7:50  Ravager x3  
  123  7:52  Overlord  
  123  7:55  Roach x2  
  128  7:58  Ravager  
  128  8:04  Roach x2  
  128  8:05  Roach x3  
  138  8:06  Roach  
  138  8:10  Overlord  
  140  8:14  Roach  
  140  8:15  Roach x3  
  140  8:18  Overlord  
  140  8:19  Roach  
  150  8:23  Roach  
  152  8:28  Roach  
  152  8:30  Ravager x2  
  156  8:35  Roach x2  
  156  8:36  Roach  
  156  8:41  Roach x3  
  162  8:45  Overlord x2  
  164  8:49  Overlord  
  164  8:54  Roach x3  
  169  8:57  Overlord  
  169  8:58  Overlord  
  169  9:01  Overlord  
  169  9:07  Roach x5  
  179  9:11  Roach x2  
  124  9:29  Extractor  
Tags
 
Add a new tag
Caveats
  • Supply blocks, unpowered buildings, or Contaminate may cause inaccurate times.
  • Supply counts are checked every 10 seconds.